 Dungeon Crawl Stone Soup version 0.29-a0-23-ga79f92ac9c (webtiles) character file.

Game seed: 1424908091877425110

10564 SirFunk the Fighter (level 11, -18/85 HPs)
             Began as a Djinni Necromancer on Jan 29, 2022.
             Was a Believer of Makhleb.
             Demolished by a meliai (19 damage)
             ... on level 10 of the Dungeon on Jan 30, 2022.
             The game lasted 01:11:26 (22177 turns).

SirFunk the Fighter (Djinni Necromancer)           Turns: 22177, Time: 01:11:28

Health: -18/85     AC:  6    Str:  7    XL:     11   Next: 95%
Gold:   510        EV: 15    Int: 24    God:    Makhleb [**....] SH:  0 Dex: 14

rFire   + + .      SeeInvis +   a - +2 whip (elec)
rCold   x . .      Faith    .   (no shield)
rNeg    . . .      Spirit   .   h - +0 steam dragon scales
rPois   ∞          Reflect  .   g - +1 hat {Int+3}
rElec   .          Harm     .   (no cloak)
rCorr   .          Rampage  .   (no gloves)
Will    +....                   (boots unavailable)
Stlth   ++........              v - amulet of the acrobat
HPRegen 0.24/turn               H - ring of see invisible
MPRegen 0.00/turn               (no ring)

@: about to teleport, flying, studying Stealth
A: sickness immunity, fire resistance 2, cold vulnerability 1, float, innate
caster, HP casting, extra vitality 1
a: Renounce Religion, Minor Destruction


You were on level 10 of the Dungeon.
You worshipped Makhleb.
Makhleb was pleased with you.
You visited 2 branches of the dungeon, and saw 11 of its levels.

You collected 631 gold pieces.
You spent 121 gold pieces at shops.

Inventory:

Hand Weapons
 a - a +2 whip of electrocution (weapon)
 f - a +0 dire flail of protection
 p - a +3 trident of freezing
 J - a +2 whip of venom
Missiles
 c - 305 stones
 l - 2 boomerangs of dispersal
Armour
 g - a +1 hat of intelligence (worn)
 h - +0 steam dragon scales (worn)
 i - a +1 leather armour of willpower
 n - a +2 chain mail of willpower
Magical Staves
 w - a staff of poison
Jewellery
 v - an amulet of the acrobat (around neck)
 H - a ring of see invisible (left hand)
Wands
 b - a wand of acid (11)
 k - a wand of paralysis (10)
 o - a wand of iceblast (3)
 A - a wand of polymorph (7)
Scrolls
 d - 5 scrolls of identify
 j - 3 scrolls of teleportation
 m - 2 scrolls of noise
 t - a scroll of vulnerability
Potions
 q - a potion of heal wounds
 r - 3 potions of degeneration
 x - a potion of attraction
 C - a potion of curing
 D - a potion of ambrosia {unknown}


   Skills:
 - Level 10.0 Fighting
 + Level 3.3 Maces & Flails
 * Level 7.1 Dodging
 - Level 1.5 Stealth
 + Level 9.0 Spellcasting
 * Level 7.4 Invocations


You had one spell level left.
You knew the following spells:

 Your Spells              Type           Power      Damage    Failure   Level
a - Pain                  Necr           100%       1d9       1%          1
b - Animate Skeleton      Necr           100%       N/A       1%          1
c - Vampiric Draining     Necr           53%        2d9       1%          3
d - Animate Dead          Necr           26%        N/A       1%          4
e - Agony                 Necr           53%        N/A       4%          5
f - Summon Small Mammal   Summ           100%       N/A       1%          1
g - Poisonous Vapours     Pois/Air       100%       N/A       1%          2
h - Tukima's Dance        Hex            53%        N/A       1%          3
i - Spider Form           Tmut/Pois      53%        N/A       1%          3
j - Ice Form              Ice/Tmut       53%        N/A       1%          4
Your spell library was empty.

Dungeon Overview and Level Annotations

Branches:
Dungeon (10/15)            Temple (1/1) D:6
   Lair: D:8-11         Orc: D:9-12

Altars:
Ashenzari
Cheibriados
Dithmenos
Elyvilon
Fedhas
Gozag
Hepliaklqana
Kikubaaqudgha
Makhleb
Nemelex Xobeh
Okawaru
Qazlal
Ru
Sif Muna
Trog
Uskayaw
Vehumet
Wu Jian
Yredelemnul
Zin
The Shining One
Beogh

Shops:
D:1 *   D:10 ?

Annotations:
D:3 3 runed translucent doors, testman's ghost, amateur OgHu
D:8 Harold
D:9 2 transporters
D:10 pokeman's ghost, journeyman DEWz


Innate Abilities, Weirdness & Mutations

You are immune to sickness and miasma.
You are immune to poison.
Your flesh is very heat resistant. (rF++)
You are vulnerable to cold. (rC-)
You float through the air rather than walking.
You learn spells naturally, not from books.
Your magical power is your life essence.
You have superior vitality. (+4 MHP)


Message History

d - 5 scrolls of identify (gained 1)
Found a stone staircase leading down.
A meliai comes into view. It is wielding a +0 war axe.
The meliai buzzes angrily.
You hear an angry buzzing noise.
A meliai comes into view. It is wielding a +0 hand axe. x2
The meliai mumbles some strange prayers to its god against you.
Something smites you!
The meliai mumbles some strange prayers to its god against you.
Something smites you!
Casting: Tukima's Dance (safe; 1% risk of failure)
Confirm with . or Enter, or press ? or * to list all spells.
Aiming: Poisonous Vapours (safe; 1% risk of failure)
Press: ? - help, Dir - move target, f - meliai
Aim: a meliai, wielding a +0 war axe and wearing a +0 leather armour Poisonous vapours surround the meliai!
The meliai looks as sick as possible!
The meliai misses you. The meliai stings you.
The meliai calls upon its god to heal the meliai.
The meliai's wounds heal themselves!
The meliai hits you with a +0 war axe! The meliai stings you.
You hear an angry buzzing noise.
You feel much better. The meliai hits you with a +0 war axe!
The meliai stings you!
You reach down and open the door.
The meliai invokes the aid of its god against you.
Something smites you! The meliai hits you with a +0 war axe.
The meliai misses you. The meliai hits you with a +0 war axe!
* * * LOW HITPOINT WARNING * * *
The meliai closely misses you.
The meliai invokes the aid of its god against you.
Something smites you!
* * * LOW HITPOINT WARNING * * *
Found a snail-covered altar of Cheibriados and a hide-covered altar of Uskayaw.
Okay, then.
As you read the scroll of teleportation, it crumbles to dust.
You feel strangely unstable. The meliai hits you with a +0 hand axe!
* * * LOW HITPOINT WARNING * * *
The meliai stings you.
* * * LOW HITPOINT WARNING * * *
The meliai hits you with a +0 war axe!!
You die...

... #....# y.
8######....# ###.#
_.._8##....# ....
...≈##.....# #.y##
..≈≈##.....# #...##
.≈≈##......# # #..##
.≈##.......#
....##..##'##........#
.........y@......###..#
##>..#####y.##...# ..#
#...#####..##...# ..#
#...............# .#
................... #
##################


You could see 3 meliai.

Vanquished Creatures
  Gastronok (D:7)
  Erica (D:8)
  Pikel (D:4)
  A cyclops (D:9)
  A moth of wrath (D:7)
  A kobold demonologist (D:8)
  Grinder (D:5)
  A vampire (D:9)
  13 yaks
  A basilisk (shapeshifter) (D:9)
  A steam dragon (D:8)
  Menkaure (D:5)
  An acid dragon (D:8)
  2 water moccasins (D:6)
  8 orc warriors
  An ice beast (D:7)
  2 sky beasts (D:7)
  2 ogres
  4 centaurs
  2 lemures
  A phantom (D:7)
  7 kobold brigands
  3 bullfrogs
  A wyvern zombie (D:8)
  4 scorpions
  A water moccasin zombie (D:6)
  10 killer bees
  3 howler monkeys
  4 wights (D:7)
  2 centaur zombies (D:9)
  2 bullfrog zombies (D:5)
  2 jellies
  2 hounds
  6 orc priests
  2 bullfrog skeletons (D:6)
  2 iguanas
  11 orc wizards
  Ijyb (D:4)
  A hound skeleton (D:5)
  2 howler monkey zombies
  3 gnolls (D:5)
  9 adders
  An ufetubus (D:5)
  5 worms
  2 dart slugs
  41 orcs
  4 bats
  5 endoplasms
  A giant cockroach (D:1)
  10 goblins
  5 hobgoblins
  6 quokkas
  6 ball pythons
  3 frilled lizards
  20 kobolds
  6 rats
240 creatures vanquished.

Vanquished Creatures (collateral kills)
  A wight (D:7)
  2 howler monkey zombies (D:8)
  An orc (D:8)
  A hobgoblin (D:2)
  A kobold (D:8)
6 creatures vanquished.

Vanquished Creatures (others)
  4 dancing weapons
4 creatures vanquished.

Grand Total: 250 creatures vanquished

Notes
Turn   | Place    | Note
-------+----------+-------------------------------------------
     0 | D:1      | SirFunk the Djinni Necromancer began the quest for the Orb.
     0 | D:1      | Reached XP level 1. HP: 15/15 MP: 0/0
    36 | D:1      | Found Udghaho's Assorted Antiques.
   349 | D:1      | Reached XP level 2. HP: 12/22 MP: 0/0
   507 | D:1      | Reached skill level 1 in Fighting
   876 | D:1      | Found a faded altar of an unknown god.
  1424 | D:1      | Reached XP level 3. HP: 25/27 MP: 0/0
  1424 | D:1      | Learned a level 1 spell: Summon Small Mammal
  2223 | D:2      | Reached skill level 2 in Fighting
  2376 | D:2      | Reached XP level 4. HP: 8/33 MP: 0/0
  3504 | D:3      | Reached XP level 5. HP: 16/40 MP: 0/0
  3504 | D:3      | Learned a level 2 spell: Poisonous Vapours
  4178 | D:3      | Reached skill level 3 in Fighting
  5053 | D:3      | Found a runed translucent gate.
  5053 | D:3      | Found a runed translucent gate.
  5053 | D:3      | Found a runed translucent gate.
  5060 | D:3      | Noticed testman's ghost (amateur OgHu)
  5913 | D:4      | Reached XP level 6. HP: 38/46 MP: 0/0
  6404 | D:4      | Reached skill level 4 in Fighting
  6681 | D:4      | Upgraded the game from 0.29-a0-11-ga75d3d97ab to
                  | 0.29-a0-22-gbf593b16ee
  6882 | D:4      | Noticed an ogre
  6914 | D:4      | Killed an ogre
  7143 | D:4      | Reached skill level 5 in Spellcasting
  7143 | D:4      | Reached XP level 7. HP: 39/53 MP: 0/0
  7143 | D:4      | Learned a level 3 spell: Tukima's Dance
  7240 | D:4      | Noticed Ijyb
  7258 | D:4      | Killed Ijyb
  7259 | D:4      | Reached skill level 5 in Fighting
  7635 | D:5      | Entered Level 5 of the Dungeon
  7647 | D:5      | Noticed Grinder
  8482 | D:5      | Noticed Pikel
  8676 | D:4      | Killed Pikel
  8677 | D:4      | Reached skill level 6 in Fighting
  8677 | D:4      | Reached XP level 8. HP: 45/62 MP: 0/0
  8825 | D:5      | Noticed Menkaure
  9141 | D:5      | Killed Menkaure
  9142 | D:5      | Reached skill level 7 in Fighting
  9256 | D:5      | Reached XP level 9. HP: 64/68 MP: 0/0
  9256 | D:5      | Learned a level 3 spell: Spider Form
  9585 | D:5      | Paralysed by Grinder for 3 turns
  9596 | D:5      | Paralysed by Grinder for 3 turns
  9597 | D:5      | Killed Grinder
  9993 | D:6      | Found a staircase to the Ecumenical Temple.
 10001 | Temple   | Entered the Ecumenical Temple
 10169 | Temple   | Became a worshipper of Makhleb the Destroyer
 10240 | D:6      | Found a runed translucent door.
 10520 | D:6      | Reached skill level 8 in Fighting
 11676 | D:6      | Found an opulent altar of Gozag.
 12138 | D:6      | Upgraded the game from 0.29-a0-22-gbf593b16ee to
                  | 0.29-a0-23-ga79f92ac9c
 12973 | D:7      | Reached skill level 9 in Fighting
 12973 | D:7      | Reached skill level 1 in Invocations
 13037 | D:7      | Reached XP level 10. HP: 72/78 MP: 0/0
 13110 | D:7      | Reached * piety under Makhleb
 14356 | D:7      | Noticed a moth of wrath
 14359 | D:7      | Found a bloodstained altar of Trog.
 14391 | D:7      | Killed a moth of wrath
 14631 | D:8      | Noticed Gastronok
 15089 | D:8      | Noticed Erica
 16138 | D:8      | Noticed Harold
 16490 | D:9      | Found a white marble altar of Elyvilon.
 16490 | D:9      | Noticed a cyclops
 16615 | D:8      | Noticed a kobold demonologist
 16618 | D:8      | Noticed an orange demon
 16973 | D:8      | Noticed an ice devil
 17496 | D:8      | Killed a kobold demonologist
 17497 | D:8      | Reached skill level 10 in Fighting
 17506 | D:8      | Reached skill level 1 in Maces & Flails
 18013 | D:7      | Killed Gastronok
 18014 | D:7      | Reached skill level 5 in Invocations
 18014 | D:7      | Reached XP level 11. HP: 53/85 MP: 0/0
 18014 | D:7      | Learned a level 4 spell: Ice Form
 18203 | D:8      | Reached skill level 5 in Dodging
 18232 | D:8      | Reached ** piety under Makhleb
 18983 | D:8      | Killed Erica
 19676 | D:9      | Found a hide-covered altar of Uskayaw.
 20607 | D:9      | Found a sparkling altar of Nemelex Xobeh.
 21130 | D:9      | Killed a cyclops
 21417 | D:9      | Noticed a centaur warrior
 21420 | D:9      | Found a transporter.
 21420 | D:9      | Found a transporter.
 21423 | D:9      | Noticed a stone giant
 21437 | D:9      | Found a hazy altar of Hepliaklqana.
 21437 | D:9      | Found a basalt altar of Yredelemnul.
 21437 | D:9      | Found a blossoming altar of Fedhas.
 21568 | D:10     | Entered Level 10 of the Dungeon
 21869 | D:10     | Found Kivimuum's Magic Scroll Shoppe.
 21885 | D:10     | Bought a scroll of identify for 22 gold pieces
 21885 | D:10     | Bought a scroll of identify for 22 gold pieces
 21885 | D:10     | Bought a scroll of identify for 22 gold pieces
 21885 | D:10     | Bought a scroll of identify for 22 gold pieces
 21885 | D:10     | Bought a scroll of teleportation for 33 gold pieces
 21910 | D:10     | Noticed an orc knight
 21910 | D:10     | Noticed pokeman's ghost (journeyman DEWz)
 21914 | D:10     | Noticed a two-headed ogre
 22176 | D:10     | Found a snail-covered altar of Cheibriados.
 22176 | D:10     | Found a hide-covered altar of Uskayaw.
 22177 | D:10     | HP: 2/85 [meliai (7)]
 22177 | D:10     | Demolished by a meliai

Illustrated notes

Levels and vault maps discovered:
D:1:      zaba_arrival_water, layout_loops_ring,
          hellmonk_ecumenical_altar_arch_garden, serial_shops, shop
D:2:      layout_basic, minmay_domino_4
D:3:      layout_basic, gammafunk_ghost_necromancy
D:4:      layout_basic, minmay_vboxes, uniq_ijyb
D:5:      layout_cave_pods, serial_bayou_pond_d, chequers_decorated_corner,
          uniq_menkaure, uniq_grinder, uniq_pikel
D:6:      layout_loops_ring, nicolae_gozag_cash_rules_everything_around_me,
          minmay_temple_entry_mist, hex_medium, lightli_church_of_beogh
D:7:      layout_loops_cross, tgw_trog, minmay_stone_trees_medium
D:8:      layout_cave_pools, special_room [special_room_kobold],
          minmay_fractal_squares_5, uniq_gastronok, uniq_erica, uniq_harold
D:9:      layout_basic, mainiacjoe_overflow_alcove_1, lemuel_doored_altar,
          gammafunk_temple_overflow_arena, serial_co_window_serial,
          co_window_corner_a, co_window_paths_b, co_window_paths_b,
          co_window_paths_a, co_window_corner_a, co_window_of_opportunity_b,
          co_window_broadway_c, co_window_broadway_c, co_window_2corner,
          co_window_unsneaky_path_c, co_window_corner_b, hangedman_glass_teeth,
          hangedman_feature_mirror, serial_park_tiny_pond
D:10:     layout_stronghold, gammafunk_temple_overflow_claw, david_orc_5,
          gammafunk_ghost_arena, serial_shops, nicolae_shop_stone,
          chequers_serial_rivers_small_3
Temple:   minmay_temple_bridge_abc

Skill      XL: |  1  2  3  4  5  6  7  8  9 10 11 |
---------------+----------------------------------+-----
Fighting       | 1 2 3 4 6 7 9 10 | 10.0
Spellcasting   | 4 5 6 7 8 9 |  9.0
Invocations    | 1 5 7 |  7.4
Dodging        | 4 7 |  7.1
Maces & Flails | 1 3 |  3.3
Stealth        | |  1.5

Action                   |  1- 3 |  4- 6 |  7- 9 | 10-12 || total
-------------------------+-------+-------+-------+-------++-------
Melee: Dagger            |     6 |    12 |       |       ||    18
       Whip              |       |     8 |    98 |    83 ||   189
       Punch             |       |       |     4 |     1 ||     5
       Unarmed           |       |       |    18 |     9 ||    27
       Hand axe          |       |       |    15 |    44 ||    59
 Cast: Pain              |    59 |   113 |    20 |    73 ||   265
       Animate Skeleton  |     3 |     3 |       |       ||     6
       Poisonous Vapours |       |     6 |   134 |   199 ||   339
       Summon Small Mamm |       |     1 |     5 |    15 ||    21
       Vampiric Draining |       |     3 |       |    12 ||    15
       Tukima's Dance    |       |       |     1 |    17 ||    18
       Spider Form       |       |       |     1 |       ||     1
       Animate Dead      |       |       |       |     4 ||     4
       Ice Form          |       |       |       |     2 ||     2
Evoke: Wand              |       |       |    17 |     6 ||    23
  Use: Potion            |       |     3 |       |     5 ||     8
       Scroll            |       |       |       |    20 ||    20
 Stab: Sleeping          |       |     2 |       |       ||     2
       Paralysed         |       |       |     4 |     7 ||    11
       Distracted        |       |       |       |     2 ||     2
Armor: Robe              |     4 |     8 |    28 |     8 ||    48
       Skin              |       |       |     1 |    10 ||    11
       Leather armour    |       |       |       |    15 ||    15
       Steam dragon scal |       |       |       |    16 ||    16
Dodge: Dodged            |    12 |    30 |   101 |   242 ||   385

Table legend: (Time is in decaauts)
 A = Elapsed time spent in this place.
 B = Non-inter-level travel time spent in this place.
 C = Inter-level travel time spent in this place.
 D = Time resting spent in this place.
 E = Time spent auto-exploring this place.
 F = Levels seen in this place.
 G = Mean time per level.
                   A        B        C        D        E       F      G
               +--------+--------+--------+--------+--------+-----+--------+
         Total |  22247 |  21555 |    692 |  11024 |   5982 |  11 | 2022.5 |
       Dungeon |  22059 |  21407 |    652 |  11024 |   5844 |  10 | 2205.9 |
        Temple |    187 |    147 |     40 |      0 |    138 |   1 |  187.0 |
               +--------+--------+--------+--------+--------+-----+--------+

Top non-repeatable levels by time:
     D:7: 3512 daAuts
     D:6: 3061 daAuts
     D:8: 2632 daAuts
     D:2: 2503 daAuts
     D:9: 2315 daAuts
     D:4: 2161 daAuts
     D:1: 1955 daAuts
     D:5: 1761 daAuts
     D:3: 1704 daAuts
    D:10: 451 daAuts
  Temple: 187 daAuts
